CBL
ERIE SEAWOLVES @ NASHVILLE OUTLAWS
05/27/2053
 
TOP OF THE 1ST
Erie Seawolves batting - Pitching for Nashville Outlaws : RHP Juan Vargaz
Pitching: RHP Juan Vargaz
Batting: SHB Joey Trojanowski 0-0: Called Strike
0-1: Ball
1-1: Foul Ball, location: 25F
1-2: Strikes out looking
Batting: LHB Pacho Herrera 0-0: Called Strike
0-1: Ball
1-1: Ball
2-1: Ball
3-1: Called Strike
3-2: SINGLE (Flyball, 9LS, EV 101.9 MPH)
Batting: LHB Mike Cassone 0-0: Called Strike
0-1: Ball
1-1: Ball
2-1: Foul Ball, location: 2F
2-2: Ground out U3 (Groundball, 3S, EV 62.5 MPH)
Pacho Herrera to second
Batting: RHB Esteban Reyes 0-0: DOUBLE (Line Drive, 3D, EV 100.0 MPH)
Pacho Herrera scores
Batting: LHB Josh Hicks 0-0: Ball
1-0: Ball
2-0: Ball
3-0: Called Strike
3-1: Base on Balls
Batting: RHB Pat Vander Laan 0-0: Swinging Strike
0-1: SINGLE (Groundball, 4MD, EV 100.6 MPH)
Esteban Reyes to third
Josh Hicks to second
Runner from 3rd tries for Home, SAFE, throw by CF to home
Batting: RHB Don Lichtenauer 0-0: Called Strike
0-1: Fielders Choice at 2nd, 5-4 (Groundball, 56, EV 81.9 MPH)
Top of the 1st over - 2 runs, 3 hits, 0 errors, 2 left on base; Erie 2 - Nashville 0
BOTTOM OF THE 1ST
Nashville Outlaws batting - Pitching for Erie Seawolves : RHP Eric Svancara
Pitching: RHP Eric Svancara
Batting: LHB Joe Loback 0-0: Swinging Strike
0-1: Foul Ball, location: 25FF
0-2: Strikes out looking
Batting: RHB Greg Ritch 0-0: Ball
1-0: Fly out, F9 (Line Drive, 89D, EV 103.8 MPH)
Batting: LHB Tom Macdonald 0-0: Foul Ball, location: 5SF
0-1: Swinging Strike
0-2: Ball
1-2: Foul Ball, location: 7LMF
1-2: Hit by Pitch
Batting: RHB Joe Del Viscio 0-0: Ball
1-0: Ball
2-0: Swinging Strike
2-1: Ball
3-1: 2-RUN HOME RUN (Flyball, 9D, EV 96.9 MPH), Distance : 368 ft
Batting: LHB Bob Sacamano 0-0: Called Strike
0-1: Ball
1-1: Ball
2-1: Ball
3-1: Base on Balls
Batting: SHB Frank Gallagher 0-0: Ball
1-0: Foul Ball, location: 2F
1-1: Called Strike
1-2: Ball
2-2: Strikes out looking
Bottom of the 1st over - 2 runs, 1 hit, 0 errors, 1 left on base; Erie 2 - Nashville 2
TOP OF THE 2ND
Erie Seawolves batting - Pitching for Nashville Outlaws : RHP Juan Vargaz
Batting: RHB Ed Brochin 0-0: Ball
1-0: Foul Ball, location: 2F
1-1: Ball
2-1: Foul Ball, location: 9LMF
2-2: Foul Ball, location: 2F
2-2: Fly out, F8 (Flyball, 8LM, EV 80.0 MPH)
Batting: RHB Alvin Lizak 0-0: Foul Ball, location: 25FF
0-1: Foul Ball, location: 2F
0-2: Ground out 5-3 (Groundball, 25, EV 80.6 MPH)
Batting: SHB Joey Trojanowski 0-0: Called Strike
0-1: Ball
1-1: Fly out, F6 (Line Drive, 6, EV 69.4 MPH)
Top of the 2nd over - 0 runs, 0 hits, 0 errors, 0 left on base; Erie 2 - Nashville 2
BOTTOM OF THE 2ND
Nashville Outlaws batting - Pitching for Erie Seawolves : RHP Eric Svancara
Batting: LHB Leroy Johnson 0-0: Ball
1-0: Ball
2-0: Ball
3-0: Called Strike
3-1: SINGLE (Line Drive, 34D, EV 104.4 MPH)
Batting: RHB Pancho Pacheco 0-0: Ball
Leroy Johnson steals 2nd base (no throw)
1-0: Called Strike
1-1: Fly out, F9 (Line Drive, 89M, EV 100.6 MPH)
Batting: RHB Dan Harding 0-0: Called Strike
0-1: Swinging Strike
0-2: Ball
1-2: Foul Ball, location: 2F
1-2: Foul Ball, location: 2F
1-2: Strikes out swinging
Batting: LHB Joe Loback 0-0: Ball
1-0: Ball
2-0: Swinging Strike
2-1: Ball
3-1: Fly out, F9 (Flyball, 89S, EV 79.4 MPH)
Bottom of the 2nd over - 0 runs, 1 hit, 0 errors, 1 left on base; Erie 2 - Nashville 2
TOP OF THE 3RD
Erie Seawolves batting - Pitching for Nashville Outlaws : RHP Juan Vargaz
Batting: LHB Pacho Herrera 0-0: Ball
1-0: Called Strike
1-1: Foul Ball, location: 2F
1-2: Ground out 4-3 (Groundball, 4, EV 84.4 MPH)
Batting: LHB Mike Cassone 0-0: Fly out, F8 (Flyball, 78M, EV 90.6 MPH)
Batting: RHB Esteban Reyes 0-0: Called Strike
0-1: Ball
1-1: SOLO HOME RUN (Line Drive, 7D, EV 98.1 MPH), Distance : 373 ft
Batting: LHB Josh Hicks 0-0: Ball
1-0: Ground out U3 (Groundball, 3, EV 90.6 MPH)
Top of the 3rd over - 1 run, 1 hit, 0 errors, 0 left on base; Erie 3 - Nashville 2
BOTTOM OF THE 3RD
Nashville Outlaws batting - Pitching for Erie Seawolves : RHP Eric Svancara
Batting: RHB Greg Ritch 0-0: Ball
1-0: Called Strike
1-1: Ground out 1-3 (Groundball, 13S, EV 65.0 MPH)
Batting: LHB Tom Macdonald 0-0: Ball
1-0: Ball
2-0: Swinging Strike
2-1: Swinging Strike
2-2: Ball
3-2: Base on Balls
Batting: RHB Joe Del Viscio 0-0: Ball
1-0: Ball
2-0: Foul Ball, location: 3FF
2-1: Called Strike
2-2: Grounds into double play, 6-4-3 (Groundball, 6, EV 80.0 MPH)
Bottom of the 3rd over - 0 runs, 0 hits, 0 errors, 0 left on base; Erie 3 - Nashville 2
TOP OF THE 4TH
Erie Seawolves batting - Pitching for Nashville Outlaws : RHP Juan Vargaz
Batting: RHB Pat Vander Laan 0-0: Swinging Strike
0-1: Ball
1-1: Foul Ball, location: 9LDF
1-2: Foul Ball, location: 2F
1-2: Strikes out looking
Batting: RHB Don Lichtenauer 0-0: Ball
1-0: Reached on error, E6 (Groundball, 6, EV 90.6 MPH)
Batting: RHB Ed Brochin 0-0: Ball
1-0: Ball
2-0: Called Strike
2-1: DOUBLE (Flyball, 78D, EV 91.9 MPH)
Don Lichtenauer to third
Runner from 3rd tries for Home, SAFE, throw by CF to trailing runner, OUT at third! 8-3-5
Batting: RHB Alvin Lizak 0-0: Swinging Strike
0-1: Ball
1-1: Ball
2-1: Ball
3-1: Ground out U3 (Groundball, 34S, EV 68.1 MPH)
Top of the 4th over - 1 run, 1 hit, 1 error, 0 left on base; Erie 4 - Nashville 2
BOTTOM OF THE 4TH
Nashville Outlaws batting - Pitching for Erie Seawolves : RHP Eric Svancara
Batting: LHB Bob Sacamano 0-0: Ball
1-0: SOLO HOME RUN (Flyball, 9D, EV 99.4 MPH), Distance : 379 ft
Batting: SHB Frank Gallagher 0-0: SOLO HOME RUN (Flyball, 9D, EV 95.6 MPH), Distance : 366 ft
Batting: LHB Leroy Johnson 0-0: Called Strike
0-1: Ball
1-1: Foul Ball, location: 25F
1-2: DOUBLE (Groundball, 3L, EV 98.1 MPH)
Batting: RHB Pancho Pacheco 0-0: Ball
1-0: Foul Ball, location: 2F
1-1: Foul Ball, location: 2F
1-2: SINGLE (Line Drive, 89S, EV 98.1 MPH)
Leroy Johnson to third
Runner from 3rd tries for Home, SAFE, throw by CF to home
Pitching: LHP Wes Pedigo
Batting: RHB Dan Harding 0-0: Ball
1-0: Fly out, F8 (Flyball, 89M, EV 95.6 MPH)
Batting: LHB Joe Loback 0-0: Fly out, F8 (Line Drive, 8RD, EV 95.6 MPH)
Batting: RHB Greg Ritch 0-0: Ball
1-0: Swinging Strike
1-1: Called Strike
1-2: Foul Ball, location: 2F
1-2: Foul Ball, location: 5F
1-2: Ball
2-2: Foul Ball, location: 2F
2-2: SINGLE (Line Drive, 7LS, EV 99.4 MPH)
Pancho Pacheco to second
Batting: LHB Tom Macdonald 0-0: Foul Ball, location: 2F
0-1: Ball
1-1: Foul Ball, location: 7LSF
1-2: Ball
2-2: Ball
3-2: Ground out 4-3 (Groundball, 4, EV 108.1 MPH)
Bottom of the 4th over - 3 runs, 5 hits, 0 errors, 2 left on base; Erie 4 - Nashville 5
TOP OF THE 5TH
Erie Seawolves batting - Pitching for Nashville Outlaws : RHP Juan Vargaz
Batting: SHB Joey Trojanowski 0-0: Called Strike
0-1: Ball
1-1: Foul Ball, location: 2F
1-2: Strikes out swinging
Batting: LHB Pacho Herrera 0-0: Ball
1-0: Ball
2-0: Called Strike
2-1: Swinging Strike
2-2: Foul Ball, location: 2F
2-2: Fly out, F5 (Popup, 5SF, EV 81.9 MPH)
Batting: LHB Mike Cassone 0-0: Called Strike
0-1: Ball
1-1: Ball
2-1: Ball
3-1: Base on Balls
Batting: RHB Esteban Reyes 0-0: Called Strike
0-1: Ball
1-1: Ball
2-1: Foul Ball, location: 9LDF
2-2: Foul Ball, location: 2F
2-2: Fielders Choice at 2nd, 6-4 (Groundball, 56, EV 110.0 MPH)
Top of the 5th over - 0 runs, 0 hits, 0 errors, 1 left on base; Erie 4 - Nashville 5
BOTTOM OF THE 5TH
Nashville Outlaws batting - Pitching for Erie Seawolves : LHP Wes Pedigo
Batting: RHB Joe Del Viscio 0-0: Called Strike
0-1: Ball
1-1: Called Strike
1-2: Foul Ball, location: 3F
1-2: TRIPLE (Flyball, 78XD, EV 92.5 MPH)
Batting: LHB Bob Sacamano 0-0: Ball
1-0: Foul Ball, location: 25F
1-1: Ball
2-1: Foul Ball, location: 2LF
2-2: Ball
3-2: Foul Ball, location: 3DF
3-2: Foul Ball, location: 2F
3-2: 2-RUN HOME RUN (Flyball, 9D, EV 99.4 MPH), Distance : 377 ft
Batting: SHB Frank Gallagher 0-0: Swinging Strike
0-1: Ground out 5-3 (Groundball, 56, EV 98.1 MPH)
Batting: LHB Leroy Johnson 0-0: Ball
1-0: Ground out 4-3 (Groundball, 4, EV 78.8 MPH)
Batting: RHB Pancho Pacheco 0-0: Swinging Strike
0-1: DOUBLE (Line Drive, 8LXD, EV 105.0 MPH)
Batting: RHB Dan Harding 0-0: Ball
1-0: Foul Ball, location: 2F
1-1: Foul Ball, location: 9LMF
1-2: Ground out 4-3 (Groundball, 4, EV 101.3 MPH)
Bottom of the 5th over - 2 runs, 3 hits, 0 errors, 1 left on base; Erie 4 - Nashville 7
TOP OF THE 6TH
Erie Seawolves batting - Pitching for Nashville Outlaws : RHP Juan Vargaz
Batting: LHB Josh Hicks 0-0: Ball
1-0: Foul Ball, location: 7LSF
1-1: Foul Ball, location: 5F
1-2: Ball
2-2: Ball
3-2: Base on Balls
Batting: RHB Pat Vander Laan 0-0: Called Strike
0-1: Foul Ball, location: 25FF
0-2: Ball
1-2: Foul Ball, location: 2F
1-2: Foul Ball, location: 9LSF
1-2: Foul Ball, location: 2F
1-2: Ball
2-2: Foul Ball, location: 2F
2-2: Grounds into double play, 6-4-3 (Groundball, 6, EV 82.5 MPH)
Batting: RHB Don Lichtenauer 0-0: Ball
1-0: Called Strike
1-1: Ball
2-1: Fly out, F8 (Flyball, 8LD, EV 86.9 MPH)
Top of the 6th over - 0 runs, 0 hits, 0 errors, 0 left on base; Erie 4 - Nashville 7
BOTTOM OF THE 6TH
Nashville Outlaws batting - Pitching for Erie Seawolves : LHP Wes Pedigo
Batting: LHB Joe Loback 0-0: Ball
1-0: DOUBLE (Line Drive, 78D, EV 107.5 MPH)
Pitching: RHP Ken Clabeaux
Batting: RHB Greg Ritch 0-0: Called Strike
0-1: Called Strike
0-2: Strikes out swinging
Batting: LHB Tom Macdonald 0-0: Called Strike
0-1: Ground out 1-3 (Groundball, 13, EV 67.5 MPH)
Batting: RHB Joe Del Viscio 0-0: Ball
1-0: Swinging Strike
1-1: Ground out 4-3 (Groundball, 4, EV 88.8 MPH)
Bottom of the 6th over - 0 runs, 1 hit, 0 errors, 1 left on base; Erie 4 - Nashville 7
TOP OF THE 7TH
Erie Seawolves batting - Pitching for Nashville Outlaws : RHP Juan Vargaz
Pitching: RHP Álex Alvarado
Batting: RHB Ed Brochin 0-0: Called Strike
0-1: Foul Ball, location: 2F
0-2: Ball
1-2: Ball
2-2: Foul Ball, location: 3F
2-2: Foul Ball, location: 2F
2-2: Foul Ball, location: 5F
2-2: Foul Ball, location: 5F
2-2: Fly out, F7 (Flyball, 7LS, EV 96.3 MPH)
Batting: RHB Alvin Lizak 0-0: Called Strike
0-1: Called Strike
0-2: Ball
1-2: Strikes out swinging
Batting: SHB Joey Trojanowski 0-0: Called Strike
0-1: Ball
1-1: Swinging Strike
1-2: Ball
2-2: Strikes out looking
Top of the 7th over - 0 runs, 0 hits, 0 errors, 0 left on base; Erie 4 - Nashville 7
BOTTOM OF THE 7TH
Nashville Outlaws batting - Pitching for Erie Seawolves : RHP Ken Clabeaux
Batting: LHB Bob Sacamano 0-0: Ball
1-0: Ball
2-0: Called Strike
2-1: Foul Ball, location: 3F
2-2: Ball
3-2: Strikes out looking
Batting: SHB Frank Gallagher 0-0: Ball
1-0: Foul Ball, location: 5DF
1-1: Ball
2-1: Foul Ball, location: 2F
2-2: Ball
3-2: Strikes out swinging
Batting: LHB Leroy Johnson 0-0: Ball
1-0: Called Strike
1-1: Foul Ball, location: 7LSF
1-2: Fly out, F9 (Flyball, 9LS, EV 93.8 MPH)
Bottom of the 7th over - 0 runs, 0 hits, 0 errors, 0 left on base; Erie 4 - Nashville 7
TOP OF THE 8TH
Erie Seawolves batting - Pitching for Nashville Outlaws : RHP Álex Alvarado
Batting: LHB Pacho Herrera 0-0: Called Strike
0-1: SINGLE (Groundball, 6D, EV 95.0 MPH)
Batting: LHB Mike Cassone 0-0: Called Strike
0-1: Ball
1-1: Called Strike
1-2: Strikes out swinging
Batting: RHB Esteban Reyes 0-0: Called Strike
0-1: Ball
1-1: Ball
2-1: SINGLE (Line Drive, 7LS, EV 109.4 MPH)
Pacho Herrera to second
Runner from 2nd tries for 3rd, SAFE, throw by LF made to third
Batting: LHB Josh Hicks 0-0: Called Strike
0-1: Grounds into double play, 1-6-3 (Groundball, 13, EV 63.8 MPH)
Top of the 8th over - 0 runs, 2 hits, 0 errors, 1 left on base; Erie 4 - Nashville 7
BOTTOM OF THE 8TH
Nashville Outlaws batting - Pitching for Erie Seawolves : RHP Ken Clabeaux
Batting: RHB Pancho Pacheco 0-0: Ball
1-0: Ball
2-0: Called Strike
2-1: Swinging Strike
2-2: Strikes out looking
Batting: RHB Dan Harding 0-0: Called Strike
0-1: Ground out 6-3 (Groundball, 6S, EV 90.6 MPH)
Batting: LHB Joe Loback 0-0: Ball
1-0: SINGLE (Line Drive, 4MD, EV 101.9 MPH)
Pitching: RHP Steve Griffin
Batting: RHB Greg Ritch 0-0: Fly out, F8 (Flyball, 8LD, EV 103.1 MPH)
Bottom of the 8th over - 0 runs, 1 hit, 0 errors, 1 left on base; Erie 4 - Nashville 7
TOP OF THE 9TH
Erie Seawolves batting - Pitching for Nashville Outlaws : RHP Álex Alvarado
Pitching: LHP António Mora
Batting: RHB Pat Vander Laan 0-0: Foul Ball, location: 2F
0-1: Called Strike
0-2: Ball
1-2: Strikes out swinging
Batting: RHB Don Lichtenauer 0-0: Called Strike
0-1: Ball
1-1: Called Strike
1-2: Ball
2-2: Reached on error, E8 (Line Drive, 8LS, EV 93.1 MPH)
Batting: RHB Ed Brochin 0-0: Ground out 6-3 (Groundball, 6, EV 86.3 MPH)
Batting: RHB Alvin Lizak 0-0: Called Strike
0-1: Ball
1-1: Ground out 5-3 (Groundball, 56, EV 81.3 MPH)
Top of the 9th over - 0 runs, 0 hits, 1 error, 1 left on base; Erie 4 - Nashville 7
Tuesday, March 5th , 2024 - OOTP Baseball 24.11 Build 85